 Dungeon Crawl Stone Soup version 0.25.1-8-g42b30a86e7 (webtiles) character file.

Game seed: 1858821274626653225

730 Azimut41r the Covert (level 8, -10/48 HPs)
             Began as a Kobold Assassin on Dec 20, 2020.
             Mangled by Pikel
             ... wielding a +2 whip of electrocution
              (11 damage)
             ... on level 4 of the Dungeon.
             The game lasted 00:16:51 (6094 turns).

Azimut41r the Covert (Kobold Assassin)              Turns: 6094, Time: 00:16:54

Health: -10/48     AC:  5    Str:  9    XL:     8   Next: 3%
Magic:  9/9        EV: 16    Int: 18    God:
Gold:   197        SH:  0    Dex: 18    Spells: 7/7 levels left

rFire    + . .     SeeInvis .   a - +2 dagger
rCold    x . .     Gourm    .   (shield restricted)
rNeg     . . .     Faith    .   m - +2 robe {MR+}
rPois    .         Spirit   .   (no helmet)
rElec    .         Reflect  .   c - +0 cloak
rCorr    .         Harm     .   (no gloves)
MR       +....                  (no boots)
Stlth    ++++......             (no amulet)
HPRegen  0.16/turn              l - +6 ring of intelligence
MPRegen  0.11/turn              s - ring of fire

@: no status effects
A: small, carnivore
a: no special abilities


You were on level 4 of the Dungeon.
You were very full.

You visited 1 branch of the dungeon, and saw 4 of its levels.

You collected 197 gold pieces.

Inventory:

Hand Weapons
 a - a +2 dagger (weapon)
 h - a +0 short sword
 j - a +0 short sword
Missiles
 d - 15 poisoned darts (quivered)
 e - 2 curare-tipped darts
 u - 18 bolts
Armour
 b - a +0 robe
 c - a +0 cloak (worn)
 m - a +2 robe of magic resistance (worn)
Jewellery
 l - a +6 ring of intelligence (left hand)
 s - a ring of fire (right hand)
Wands
 r - a wand of iceblast (10)
Scrolls
 g - a scroll of noise
 i - 2 scrolls of remove curse
 k - a scroll of teleportation
 p - a scroll of identify
 q - a scroll of blinking {unknown}
Potions
 n - a potion of might {unknown}
 o - 2 potions of heal wounds {unknown}
 t - a potion of degeneration {unknown}
 v - a potion of berserk rage {unknown}
Comestibles
 f - 8 rations


   Skills:
 + Level 4.0 Fighting
 + Level 5.8 Short Blades
 + Level 3.7 Throwing
 + Level 3.4 Dodging
 + Level 8.7 Stealth
 + Level 2.0 Evocations


You had 7 spell levels left.
You didn't know any spells.
Your spell library was empty.

Dungeon Overview and Level Annotations

Branches:
Dungeon (4/15)
 Temple: D:4-7

Altars:
Ashenzari
Cheibriados
Fedhas
Okawaru
Qazlal
Vehumet
Wu Jian

Annotations:
D:4 Pikel


Innate Abilities, Weirdness & Mutations

You are small and have problems with some larger weapons.
You are carnivorous and can eat meat at any time.


Message History

You are electrocuted!
* * * LOW HITPOINT WARNING * * *
Throwing (i - inventory. (/) - cycle)
d - 17 poisoned darts (quivered)
Press: ? - help, Shift-Dir - straight line, f/p - Pikel
Aim: Pikel, wielding a +2 whip of electrocution and wearing a +0 robe of fire resistance (severely wounded)
You throw a poisoned dart. The poisoned dart hits Pikel!
Pikel is poisoned.
Pikel is severely wounded.
Pikel completely misses you.
A hound comes into view.
Pikel looks more healthy.
Throwing (i - inventory. (/) - cycle)
d - 16 poisoned darts (quivered)
Press: ? - help, Shift-Dir - straight line, f/p - Pikel
Aim: Pikel, wielding a +2 whip of electrocution and wearing a +0 robe of fire resistance (almost dead)
You throw a poisoned dart. The poisoned dart closely misses Pikel.
The poisoned dart hits the slave.
The slave is poisoned.
Pikel checks his coin pouch and frowns.
Pikel hits you with a +2 whip of electrocution!
* * * LOW HITPOINT WARNING * * *
You are electrocuted!
You die...

>..# #.#.####.##.##.# #.... ##.#
#....<.........# ##.### ##.#
###......####### #..÷.÷ .#.###
######.## #..##. #....# #...#
#..### ##...# #...# #..... #....#
#...# #..... .##.#### #...#
######..### #......# #.@.#
#.......###
.......########K..#####..........
..#..#........p..........#.##.##.
..#...###................#...>.#.
..#...# #...>...........#####....
..)...###.#####...#####.#####..##
.....(....# #...# #........#
###.##.##p# #...# ########.#
#.....p.# #...# #.#


You could see Pikel and a slave (poisoned).

Vanquished Creatures
  Menkaure (D:4)
  An ice beast (D:4)
  2 slaves (D:4)
  A phantom (D:4)
  An ogre (D:4)
  An orc priest (D:4)
  2 orc wizards
  2 iguanas (D:4)
  Ijyb (D:4)
  2 worker ants (D:4)
  5 adders
  2 oozes
  2 worms
  2 dart slugs
  2 leopard geckos (D:2)
  6 orcs
  7 bats
  5 giant cockroaches
  9 hobgoblins
  7 kobolds
  3 quokkas
  7 frilled lizards
  8 goblins
  4 rats
83 creatures vanquished.

Notes
Turn   | Place    | Note
-------+----------+-------------------------------------------
     0 | D:1      | Azimut41r the Kobold Assassin began the quest for the Orb.
     0 | D:1      | Reached XP level 1. HP: 12/12 MP: 1/1
   241 | D:1      | Reached XP level 2. HP: 17/17 MP: 2/2
   746 | D:1      | Reached skill level 6 in Stealth
  1149 | D:1      | Reached XP level 3. HP: 22/22 MP: 3/3
  1582 | D:2      | Reached XP level 4. HP: 27/27 MP: 4/4
  1924 | D:2      | Found a snail-covered altar of Cheibriados.
  2014 | D:2      | Reached skill level 7 in Stealth
  2205 | D:3      | Reached XP level 5. HP: 26/31 MP: 5/5
  3457 | D:3      | Found an iron altar of Okawaru.
  3461 | D:3      | Found a radiant altar of Vehumet.
  3461 | D:3      | Found a shattered altar of Ashenzari.
  3465 | D:3      | Found a blossoming altar of Fedhas.
  3467 | D:3      | Found an ornate altar of the Wu Jian Council.
  3468 | D:3      | Found a stormy altar of Qazlal.
  3742 | D:4      | Reached XP level 6. HP: 36/36 MP: 6/6
  3761 | D:4      | Noticed Menkaure
  4094 | D:4      | Reached skill level 8 in Stealth
  4423 | D:4      | Noticed Ijyb
  4425 | D:4      | Killed Ijyb
  4447 | D:4      | Noticed an ice beast
  4452 | D:4      | Killed an ice beast
  4452 | D:4      | Reached skill level 5 in Short Blades
  4491 | D:4      | Reached XP level 7. HP: 14/41 MP: 7/7
  4745 | D:4      | Reached skill level 1 in Evocations
  5314 | D:4      | Killed Menkaure
  5579 | D:4      | Reached XP level 8. HP: 34/48 MP: 9/9
  5761 | D:4      | Noticed Pikel
  6094 | D:4      | HP: 1/48 [Pikel/+2 whip of electrocution (8)]
  6094 | D:4      | Mangled by Pikel

Illustrated notes

Levels and vault maps discovered:
D:1:      ebering_trefoil_3fold, layout_loops_corners
D:2:      layout_basic, serial_corexii_hall, corexii_hall_statues_i,
          corexii_hall_statues_s, corexii_hall_statues_u,
          corexii_hall_statues_i, chequers_hall_statues_y,
          chequers_hall_statues_y, first_ration, ebering_dispersal_statue_hall,
          kennysheep_slug_shrine
D:3:      layout_basic, minitemple
D:4:      layout_loops_cross, grunt_temple_overflow_opulence, uniq_menkaure,
          uniq_pikel, uniq_ijyb

Skill      XL: |  1  2  3  4  5  6  7 |
---------------+----------------------+-----
Stealth        | 6 7 8 |  8.7
Short Blades   | 3 4 5 |  5.8
Dodging        | 2 3 |  3.4
Fighting       | 3 4 |  4.0
Throwing       | 3 |  3.7
Evocations     | 2 |  2.0

Action                   |  1- 3 |  4- 6 |  7- 9 || total
-------------------------+-------+-------+-------++-------
Melee: Dagger            |    68 |   215 |   133 ||   416
Throw: Dart              |     2 |    15 |    17 ||    34
Evoke: Wand              |       |       |     1 ||     1
  Use: Scroll            |       |     8 |       ||     8
       Potion            |       |       |     1 ||     1
 Stab: Sleeping          |    15 |    15 |     3 ||    33
  Eat: Chunk             |    10 |     9 |     5 ||    24
Armor: Robe              |    12 |    25 |     7 ||    44
Dodge: Dodged            |    38 |   128 |    61 ||   227
